 Seeded DCSS version 0.29.1-1-gd02db6906a (webtiles) character file.

Game seed: 18269394834065025426 (custom seed)

3339 lonewolfV2 the Fighter (level 9, 0/73 (75) HPs)
             Began as a Demonspawn Fighter on Oct 17, 2022.
             Was an Initiate of Ashenzari.
             Slain by a wight
             ... wielding a +3 halberd of freezing
              (5 damage)
             ... on level 7 of the Dungeon.
             The game lasted 00:16:16 (7939 turns).

lonewolfV2 the Fighter (Demonspawn Fighter)         Turns: 7939, Time: 00:16:17

HP:   0/73 (75)     AC:  9    Str: 26    XL:     9   Next: 72%
MP:   9/9           EV:  6    Int:  9    God:    Ashenzari [......]
Gold: 308           SH: 15    Dex: 12    Spells: 8/8 levels left

rFire   + . .      SeeInvis .   j - +8 long sword of Gyuf {drain, Str+4}
rCold   + . .      Faith    .   r - +2 tower shield
rNeg    . . .      Spirit   .   b - +0 scale mail
rPois   +          Reflect  .   (helmet restricted)
rElec   +          Harm     .   k - scarf {repulsion}
rCorr   +          Rampage  .   m - +1 pair of gloves
Will    .....                   (no boots)
Stlth   ..........              (no amulet)
HPRegen 1.22/turn               (no ring)
MPRegen 0.11/turn               (no ring)

@: brilliant, resistant, hasted, lightly drained, repel missiles, very quick
A: antennae 1, demonic guardian 2, powered by death 2, weakness stinger 1
a: Renounce Religion, Curse Item


You were on level 7 of the Dungeon.
You worshipped Ashenzari.
Ashenzari was noncommittal.
You visited 2 branches of the dungeon, and saw 8 of its levels.

You collected 520 gold pieces.
You spent 212 gold pieces at shops.

Inventory:

Hand Weapons
 a - a +0 vorpal long sword
 j - the +8 long sword of Gyuf (weapon) {drain, Str+4}
   (You bought it in a shop on level 1 of the Dungeon)

   A truly terrible weapon, it drains the life of any living foe it strikes.
   Str:       It affects your strength (+4).
Armour
 b - a +0 scale mail (worn)
 c - a +1 buckler
 k - a scarf of repulsion (worn)
 m - a +1 pair of gloves (worn)
 p - a +1 pair of gloves
 r - a +2 tower shield (worn)
Wands
 g - a wand of paralysis (20)
 l - a wand of flame (7) (quivered)
 o - a wand of quicksilver (7)
Scrolls
 e - 9 scrolls of teleportation
 h - 9 scrolls of identify
 q - a scroll of fog
Potions
 d - 2 potions of might
 i - a potion of haste


   Skills:
 * Level 8.3 Fighting
 * Level 7.5 Long Blades
 * Level 5.9 Armour
 + Level 5.9 Shields


You had 8 spell levels left.
You didn't know any spells.
Your spell library contained the following spells:

 Spells                   Type           Power      Damage    Failure   Level
 Sandblast                Erth           0%         2d4       100%        1
 Summon Small Mammal      Summ           0%         N/A       100%        1
 Passwall                 Tmut/Erth      0%         N/A       100%        2
 Call Canine Familiar     Summ           0%         N/A       100%        3
 Inner Flame              Hex/Fire       0%         N/A       100%        3
 Stone Arrow              Conj/Erth      0%         3d7       100%        3
 Summon Guardian Golem    Hex/Summ       0%         N/A       100%        3
 Cause Fear               Hex            0%         N/A       100%        4
 Conjure Ball Lightning   Conj/Air       0%         3x3d6     100%        6
 Discord                  Hex            0%         N/A       100%        8
 Disjunction              Tloc           0%         N/A       100%        8


Dungeon Overview and Level Annotations

Branches:
Dungeon (7/15)             Temple (1/1) D:6

Altars:
Ashenzari
Cheibriados
Fedhas
Gozag
Hepliaklqana
Makhleb
Nemelex Xobeh
Okawaru
Qazlal
Sif Muna
Trog
Uskayaw
Vehumet
Wu Jian
Xom
Yredelemnul

Shops:
D:1 (   D:4 *   D:6 *   D:7 *

Annotations:
D:5 3 runed translucent doors, MaliaHosaka's ghost, amateur HuGl
D:6 Dowan; Duvessa
D:7 1 runed translucent door, Crazy Yiuf


Innate Abilities, Weirdness & Mutations

You have a pair of small antennae on your head.
A demonic guardian rushes to your aid.
You regenerate health from kills.
You have a small tail.


Message History

You hit the wight.
The wight is lightly damaged.
The wight hits you from afar with a +3 halberd of freezing.
The wight freezes you.
The wight hits you with a +2 great sword.
You block the wight's attack.
You hit the wight.
The wight is moderately damaged.
You block the wight's attack. x3; The wight hits you but does no damage.
The wight hits you with a +2 great sword!
The wight hits you with a +3 halberd of freezing!
The wight freezes you.
The wight hits you with a +2 great sword!!
* * * LOW HITPOINT WARNING * * *
A demonic guardian appears!
You feel drained.
* * * LOW HITPOINT WARNING * * *
You block the wight's attack.
It was a potion of resistance.
You feel protected.
You block the wight's attack. x2; The wight barely misses you.
Your hellwing hits the wight.
Your hellwing barely misses the wight.
You feel yourself speed up. You block the wight's attack.
The wight barely misses you. You block the wight's attack.
Your hellwing hits the wight.
Your hellwing barely misses the wight.
You barely miss the wight.
You tail-slap the wight, but do no damage.
The wight hits you with a +2 great sword.
* * * LOW HITPOINT WARNING * * *
You block the wight's attack.
The wight hits you with a +3 halberd of freezing!
* * * LOW HITPOINT WARNING * * *
The wight freezes you.
* * * LOW HITPOINT WARNING * * *
Your hellwing hits the wight. Your hellwing hits the wight!
The wight is destroyed!
It was a potion of brilliance.
You feel clever all of a sudden. You block the wight's attack.
The wight hits you from afar with a +3 halberd of freezing.
You die...

................#
................#
†...............#
#...............#
#...............#
#.####....###...#
#.####....###...########
...#............z.)....#
...+............@.z4...#
...#...................#
########################


You could see 2 wights and a friendly hellwing (summoned).

Vanquished Creatures
  Sigmund (D:2)
  A steam dragon (D:7)
  A water moccasin (D:7)
  4 ice beasts
  2 centaurs
  A kobold brigand (D:4)
  A bullfrog (D:6)
  5 scorpions
  2 howler monkeys
  4 orc priests
  3 hounds
  A gnoll bouda (D:7)
  4 iguanas
  6 orc wizards
  A mummy (D:4)
  14 gnolls
  4 adders
  3 dart slugs
  13 orcs
  4 bats
  7 endoplasms
  2 giant cockroaches (D:4)
  7 goblins
  3 hobgoblins
  7 jackals
  12 kobolds
  2 quokkas
  5 ball pythons
  4 frilled lizards
  A kobold zombie (D:4)
  An orc zombie (D:4)
  6 rats
132 creatures vanquished.

Vanquished Creatures (collateral kills)
  Pikel (D:4)
  The ghost of angelusfrater the Ruffian, an amateur TrBe of Trog (D:4)
  Grinder (D:6)
  An ice beast (D:7)
  A lemure (D:4)
  A gnoll sergeant (D:6)
  A wight (D:7)
  A gnoll bouda (D:4)
  3 gnolls
  An adder (D:6)
  A white imp (D:6)
  A kobold (D:4)
14 creatures vanquished.

Grand Total: 146 creatures vanquished

Notes
Turn   | Place    | Note
-------+----------+-------------------------------------------
     0 | D:1      | lonewolfV2 the Demonspawn Fighter began the quest for the
                  | Orb.
     0 | D:1      | Reached XP level 1. HP: 18/18 MP: 1/1
   118 | D:1      | Discovered your monstrous ancestry.
   118 | D:1      | Gained mutation: You have a small tail. [demonic ancestry]
   118 | D:1      | Reached XP level 2. HP: 24/24 MP: 2/2
   722 | D:1      | Gained mutation: A weak demonic guardian rushes to your
                  | aid. [demonic ancestry]
   722 | D:1      | Reached XP level 3. HP: 19/29 MP: 3/3
  1080 | D:1      | Found Essufad's Antique Weapon Shoppe.
  1320 | D:2      | Found a faded altar of an unknown god.
  1725 | D:2      | Noticed Sigmund
  1737 | D:2      | Killed Sigmund
  1738 | D:2      | Gained mutation: You regenerate a little health from kills.
                  | [demonic ancestry]
  1738 | D:2      | Reached XP level 4. HP: 37/37 MP: 4/4
  1738 | D:2      | Gained mutation: A demonic guardian rushes to your aid.
                  | [demonic ancestry]
  1738 | D:2      | Reached XP level 5. HP: 42/42 MP: 5/5
  2044 | D:3      | Reached skill level 4 in Fighting
  2323 | D:1      | Bought a masterwork long sword for 212 gold pieces
  2323 | D:1      | Identified the +8 long sword of Gyuf {drain, Str+4} (You
                  | bought it in a shop on level 1 of the Dungeon)
  2453 | D:4      | Found a runed translucent gate.
  2453 | D:4      | Found a runed translucent gate.
  2456 | D:4      | Found a runed translucent gate.
  2471 | D:4      | Noticed angelusfrater's ghost (amateur TrBe)
  2484 | D:4      | Killed angelusfrater's ghost
  2485 | D:4      | Reached XP level 6. HP: 10/49 MP: 6/6
  2803 | D:4      | Found Kouvuruf's General Store.
  3022 | D:4      | Gained mutation: You regenerate health from kills. [demonic
                  | ancestry]
  3022 | D:4      | Reached XP level 7. HP: 51/55 MP: 7/7
  3754 | D:5      | Entered Level 5 of the Dungeon
  3754 | D:5      | Found a radiant altar of Vehumet.
  3781 | D:4      | Reached skill level 5 in Fighting
  4088 | D:5      | Noticed Pikel
  4208 | D:5      | Paralysed by Pikel for 5 turns
  4216 | D:4      | HP: 1/56 [lemure[Pikel] (2)]
  4219 | D:4      | Paralysed by Pikel for 3 turns
  4224 | D:4      | Paralysed by Pikel for 5 turns
  4224 | D:4      | Killed Pikel
  4225 | D:4      | Reached skill level 6 in Fighting
  4225 | D:4      | Reached skill level 5 in Long Blades
  4225 | D:4      | Gained mutation: You have a pair of small antennae on your
                  | head. [demonic ancestry]
  4225 | D:4      | Reached XP level 8. HP: 17/64 MP: 8/8
  4888 | D:5      | Reached skill level 5 in Armour
  4920 | D:5      | Reached skill level 5 in Shields
  5234 | D:5      | Noticed MaliaHosaka's ghost (amateur HuGl)
  5237 | D:5      | Found a runed translucent gate.
  5238 | D:5      | Found a runed translucent gate.
  5239 | D:5      | Found a runed translucent gate.
  5381 | D:6      | Noticed Duvessa
  5381 | D:6      | Found Daseomis's Assorted Antiques.
  5383 | D:6      | Noticed Dowan
  5558 | D:6      | Noticed Grinder
  5574 | D:6      | Killed Grinder
  5575 | D:6      | Reached skill level 7 in Fighting
  5584 | D:6      | Reached XP level 9. HP: 51/72 MP: 9/9
  5617 | D:6      | Found an iron altar of Okawaru.
  5636 | D:6      | Found a hide-covered altar of Uskayaw.
  5641 | D:6      | Found a sparkling altar of Nemelex Xobeh.
  5641 | D:6      | Found a snail-covered altar of Cheibriados.
  6684 | D:6      | Found a staircase to the Ecumenical Temple.
  6863 | Temple   | Entered the Ecumenical Temple
  6875 | Temple   | Became a worshipper of Ashenzari the Shackled
  7017 | D:7      | Found Mamelot's Lightly-Used Armoury.
  7259 | D:7      | Reached skill level 8 in Fighting
  7455 | D:7      | Found a large runed translucent door.
  7483 | D:7      | Found a large runed translucent door.
  7528 | D:7      | Found a stormy altar of Qazlal.
  7540 | D:7      | Found a shimmering blue altar of Sif Muna.
  7851 | D:7      | Found a runed translucent door.
  7852 | D:7      | Noticed Crazy Yiuf
  7939 | D:7      | Slain by a wight

Illustrated notes

Levels and vault maps discovered:
D:1:      minmay_arrival_checkered_box, layout_basic, serial_shops, shop
D:2:      layout_basic, hellmonk_ecumenical_altar_blasted, uniq_sigmund
D:3:      layout_rooms, kennysheep_generic_room_10
D:4:      layout_basic, ebering_ghost_rock_garden, nicolae_ossuary_entry_giza,
          serial_shops, shop
D:5:      layout_basic, vehumet_altar_wand_db, biasface_ghost_orc_armoury,
          uniq_pikel
D:6:      layout_basic, grunt_temple_overflow_open, tso_metal_star, temple_hall,
          chequers_serial_rivers_marsh, nicolae_take_the_stairs,
          minmay_fractal_squares_gapless_5, uniq_duvessa, uniq_grinder
D:7:      layout_gridville, jmf_multi_god_temple2, enter_bailey_2,
          minmay_misc_feat_pillars, minmay_shop_damaged, uniq_crazy_yiuf_cottage
Temple:   compressed_dpeg_triangle_lava_temple

Skill      XL: |  1  2  3  4  5  6  7  8  9 |
---------------+----------------------------+-----
Long Blades    | 2 3 4 5 6 7 |  7.5
Armour         | 3 4 5 |  5.9
Shields        | 3 4 5 |  5.9
Fighting       | 4 6 7 8 |  8.3

Action                   |  1- 3 |  4- 6 |  7- 9 || total
-------------------------+-------+-------+-------++-------
Melee: Long sword        |   104 |    53 |   220 ||   377
       Tailslap          |     5 |     5 |    26 ||    36
Evoke: Wand              |     3 |       |    10 ||    13
  Use: Scroll            |     5 |     2 |     3 ||    10
       Potion            |       |     2 |     8 ||    10
 Stab: Paralysed         |     6 |       |       ||     6
Armor: Scale mail        |    78 |    16 |   119 ||   213
Dodge: Dodged            |    70 |    17 |   140 ||   227
Block: Buckler           |    41 |    17 |    83 ||   141
       Tower shield      |       |       |    12 ||    12
